TOP OF THE 1ST |
Cincinnati Reds batting - Pitching for Milwaukee Brewers : LHP Yusei Kikuchi
|
Pitching: LHP Yusei Kikuchi
|
|
Batting: RHB Trea Turner
|
0-0: Ball 1-0: Swinging Strike 1-1: Swinging Strike 1-2: Foul Ball, location: 2F 1-2: Ball 2-2: SINGLE (Groundball, 56D, EV 105.6 MPH)
|
Batting: RHB Kevin Newman
|
0-0: Ball 1-0: Called Strike 1-1: Grounds into double play, 4-6-3 (Groundball, 34, EV 76.3 MPH)
|
Batting: RHB Gio Urshela
|
0-0: SINGLE (Line Drive, 4D, EV 99.4 MPH)
|
Batting: LHB Joey Gallo
|
0-0: Swinging Strike 0-1: Ball 1-1: Ball 2-1: Foul Ball, location: 2F 2-2: Ground out U3 (Groundball, 3, EV 87.5 MPH)
|
Top of the 1st over - 0 runs, 2 hits, 0 errors, 1 left on base; Cincinnati 0 - Milwaukee 0 |
BOTTOM OF THE 1ST |
Milwaukee Brewers batting - Pitching for Cincinnati Reds : LHP Blake Snell
|
Pitching: LHP Blake Snell
|
|
Batting: RHB Tommy Pham
|
0-0: Called Strike 0-1: Ball 1-1: Foul Ball, location: 2F 1-2: Foul Ball, location: 2F 1-2: Ball 2-2: Ball 3-2: Ground out 6-3 (Groundball, 6, EV 90.0 MPH)
|
Batting: RHB Bo Bichette
|
0-0: Fly out, F6 (Flyball, 56D, EV 97.5 MPH)
|
Batting: RHB Gary Sanchez
|
0-0: Foul Ball, location: 2F 0-1: Ball 1-1: Ball 2-1: Ball 3-1: Base on Balls
|
Batting: LHB Jeff McNeil
|
0-0: Ball 1-0: Fly out, F8 (Flyball, 78S, EV 88.8 MPH)
|
Bottom of the 1st over - 0 runs, 0 hits, 0 errors, 1 left on base; Cincinnati 0 - Milwaukee 0 |
TOP OF THE 2ND |
Cincinnati Reds batting - Pitching for Milwaukee Brewers : LHP Yusei Kikuchi
|
Batting: RHB Nelson Cruz
|
0-0: Called Strike 0-1: Foul Ball, location: 2F 0-2: SOLO HOME RUN (Flyball, 7D, EV 90.6 MPH), Distance : 395 ft
|
Batting: LHB Gregory Polanco
|
0-0: Called Strike 0-1: Foul Ball, location: 2F 0-2: Foul Ball, location: 2F 0-2: Fly out, F9 (Flyball, 9LM, EV 88.8 MPH)
|
Batting: SHB Adalberto Mondesi
|
0-0: Foul Ball, location: 2F 0-1: Ball 1-1: Foul Ball, location: 2F 1-2: Ground out 1-3 (Groundball, P, EV 68.8 MPH)
|
Batting: RHB Russell Martin
|
0-0: Swinging Strike 0-1: Ball 1-1: Foul Ball, location: 2F 1-2: SINGLE (Groundball, 6D, EV 105.0 MPH)
|
Batting: LHB Blake Snell
|
0-0: Foul Ball, location: 2F 0-1: Ball 1-1: Fly out, F7 (Flyball, 78D, EV 100.6 MPH)
|
Top of the 2nd over - 1 run, 2 hits, 0 errors, 1 left on base; Cincinnati 1 - Milwaukee 0 |
BOTTOM OF THE 2ND |
Milwaukee Brewers batting - Pitching for Cincinnati Reds : LHP Blake Snell
|
Batting: LHB Eric Hosmer
|
0-0: Swinging Strike 0-1: Called Strike 0-2: Ball 1-2: Ball 2-2: Ball 3-2: Foul Ball, location: 2F 3-2: Strikes out swinging
|
Batting: LHB Brad Miller
|
0-0: Called Strike 0-1: Swinging Strike 0-2: Ball 1-2: Foul Ball, location: 2F 1-2: Strikes out swinging
|
Batting: RHB Dawel Lugo
|
0-0: Foul Ball, location: 2F 0-1: Fly out, F7 (Flyball, 78D, EV 88.8 MPH)
|
Bottom of the 2nd over - 0 runs, 0 hits, 0 errors, 0 left on base; Cincinnati 1 - Milwaukee 0 |
TOP OF THE 3RD |
Cincinnati Reds batting - Pitching for Milwaukee Brewers : LHP Yusei Kikuchi
|
Batting: RHB Trea Turner
|
0-0: Ball 1-0: SINGLE (Groundball, 15S, EV 61.9 MPH) (infield hit)
|
Batting: RHB Kevin Newman
|
0-0: Ball 1-0: Fly out, F8 (Flyball, 8RS, EV 81.9 MPH)
|
Batting: RHB Gio Urshela
|
0-0: Called Strike 0-1: Fly out, F9 (Line Drive, 9, EV 99.4 MPH)
|
Batting: LHB Joey Gallo
|
0-0: Ball 1-0: Ball 2-0: Foul Ball, location: 2F 2-1: Foul Ball, location: 2F 2-2: DOUBLE (Flyball, 89XD, EV 100.6 MPH) Trea Turner to third Runner from 3rd tries for Home, SAFE, throw by CF to home
|
Batting: RHB Nelson Cruz
|
0-0: Ball 1-0: Fly out, F8 (Flyball, 8LXD, EV 96.9 MPH)
|
Top of the 3rd over - 1 run, 2 hits, 0 errors, 1 left on base; Cincinnati 2 - Milwaukee 0 |
BOTTOM OF THE 3RD |
Milwaukee Brewers batting - Pitching for Cincinnati Reds : LHP Blake Snell
|
Batting: LHB Mason Williams
|
0-0: SINGLE (Groundball, 4D, EV 111.3 MPH)
|
Batting: LHB Yusei Kikuchi
|
0-0: Reached on error, E1 (Groundball, 13S, EV 43.8 MPH) Mason Williams to second
|
Batting: RHB Tommy Pham
|
0-0: Called Strike 0-1: Grounds into double play, 6-4-3 (Groundball, 56, EV 87.5 MPH) Mason Williams to third
|
Batting: RHB Bo Bichette
|
0-0: Ball 1-0: Foul Ball, location: 2F 1-1: Ball 2-1: Ball Wild Pitch! Mason Williams scores 3-1: Foul Ball, location: 2F 3-2: Foul Ball, location: 2F 3-2: Ground out 5-3 (Groundball, 56, EV 85.6 MPH)
|
Bottom of the 3rd over - 1 run, 1 hit, 1 error, 0 left on base; Cincinnati 2 - Milwaukee 1 |
TOP OF THE 4TH |
Cincinnati Reds batting - Pitching for Milwaukee Brewers : LHP Yusei Kikuchi
|
Batting: LHB Gregory Polanco
|
0-0: Ball 1-0: Fly out, F8 (Flyball, 89D, EV 96.3 MPH)
|
Batting: SHB Adalberto Mondesi
|
0-0: Called Strike 0-1: Ball 1-1: Foul Ball, location: 2F 1-2: Fly out, F7 (Flyball, 78M, EV 93.1 MPH)
|
Batting: RHB Russell Martin
|
0-0: Ball 1-0: Called Strike 1-1: Foul Ball, location: 2F 1-2: Fly out, F7 (Flyball, 78XD, EV 93.8 MPH)
|
Top of the 4th over - 0 runs, 0 hits, 0 errors, 0 left on base; Cincinnati 2 - Milwaukee 1 |
BOTTOM OF THE 4TH |
Milwaukee Brewers batting - Pitching for Cincinnati Reds : LHP Blake Snell
|
Batting: RHB Gary Sanchez
|
0-0: SOLO HOME RUN (Flyball, 78XD, EV 98.1 MPH), Distance : 465 ft
|
Batting: LHB Jeff McNeil
|
0-0: Ball 1-0: Fly out, F7 (Flyball, 78XD, EV 87.5 MPH)
|
Batting: LHB Eric Hosmer
|
0-0: SINGLE (Groundball, 34D, EV 98.8 MPH)
|
Batting: LHB Brad Miller
|
0-0: Foul Ball, location: 2F 0-1: Ball 1-1: Ball 2-1: Foul Ball, location: 2F 2-2: Strikes out swinging
|
Batting: RHB Dawel Lugo
|
0-0: Ball 1-0: Ball 2-0: Ball 3-0: Called Strike 3-1: SINGLE (Groundball, 3S, EV 85.6 MPH) (infield hit) Eric Hosmer to second
|
Batting: LHB Mason Williams
|
0-0: Fly out, F8 (Flyball, 8RM, EV 75.0 MPH)
|
Bottom of the 4th over - 1 run, 3 hits, 0 errors, 2 left on base; Cincinnati 2 - Milwaukee 2 |
TOP OF THE 5TH |
Cincinnati Reds batting - Pitching for Milwaukee Brewers : LHP Yusei Kikuchi
|
Batting: LHB Blake Snell
|
0-0: Ball 1-0: Ball 2-0: Swinging Strike 2-1: Ground out 3-1 (Groundball, 13, EV 89.4 MPH)
|
Batting: RHB Trea Turner
|
0-0: Called Strike 0-1: Foul Ball, location: 2F 0-2: Ball 1-2: Strikes out looking
|
Batting: RHB Kevin Newman
|
0-0: Foul Ball, location: 2F 0-1: Ground out 4-3 (Groundball, 34, EV 88.1 MPH)
|
Top of the 5th over - 0 runs, 0 hits, 0 errors, 0 left on base; Cincinnati 2 - Milwaukee 2 |
BOTTOM OF THE 5TH |
Milwaukee Brewers batting - Pitching for Cincinnati Reds : LHP Blake Snell
|
Batting: LHB Yusei Kikuchi
|
0-0: Ball 1-0: Ball 2-0: Called Strike 2-1: Swinging Strike 2-2: Foul Ball, location: 2F 2-2: Strikes out swinging
|
Batting: RHB Tommy Pham
|
0-0: Ground out U3 (Groundball, 3, EV 85.6 MPH)
|
Batting: RHB Bo Bichette
|
0-0: Ball 1-0: Ball 2-0: Called Strike 2-1: Foul Ball, location: 2F 2-2: Ball 3-2: Foul Ball, location: 2F 3-2: Foul Ball, location: 2F 3-2: Base on Balls
|
Batting: RHB Gary Sanchez
|
0-0: Ball 1-0: Ball 2-0: Foul Ball, location: 2F 2-1: 2-RUN HOME RUN (Flyball, 9LD, EV 100.0 MPH), Distance : 376 ft
|
Batting: LHB Jeff McNeil
|
0-0: Foul Ball, location: 2F 0-1: Ball 1-1: Ball 2-1: Ball 3-1: Fly out, F6 (Popup, 6MS, EV 77.5 MPH)
|
Bottom of the 5th over - 2 runs, 1 hit, 0 errors, 0 left on base; Cincinnati 2 - Milwaukee 4 |
TOP OF THE 6TH |
Cincinnati Reds batting - Pitching for Milwaukee Brewers : LHP Yusei Kikuchi
|
Batting: RHB Gio Urshela
|
0-0: Fly out, F2 (Popup, 23F, EV 89.4 MPH)
|
Batting: LHB Joey Gallo
|
0-0: Foul Ball, location: 2F 0-1: Ball 1-1: Foul Ball, location: 2F 1-2: Foul Ball, location: 2F 1-2: Ball 2-2: DOUBLE (Line Drive, 89XD, EV 110.0 MPH)
|
Batting: RHB Nelson Cruz
|
0-0: Ball 1-0: Ball 2-0: Called Strike 2-1: Foul Ball, location: 2F 2-2: Ball 3-2: Fly out, F8 (Flyball, 8RXD, EV 87.5 MPH) Runner from 2nd tags up, SAFE at 3rd, no throw by CF
|
Batting: LHB Gregory Polanco
|
0-0: Ball 1-0: Ball 2-0: Fly out, F9 (Flyball, 89M, EV 79.4 MPH)
|
Top of the 6th over - 0 runs, 1 hit, 0 errors, 1 left on base; Cincinnati 2 - Milwaukee 4 |
BOTTOM OF THE 6TH |
Milwaukee Brewers batting - Pitching for Cincinnati Reds : LHP Blake Snell
|
Batting: LHB Eric Hosmer
|
0-0: Called Strike 0-1: Ball 1-1: Swinging Strike 1-2: Ball 2-2: Ball 3-2: Base on Balls
|
Batting: LHB Brad Miller
|
0-0: Called Strike 0-1: Ball 1-1: Ball 2-1: Ball 3-1: Foul Ball, location: 2F 3-2: Strikes out swinging
|
Batting: RHB Dawel Lugo
|
0-0: Ball 1-0: Grounds into double play, 5-4-3 (Groundball, 56S, EV 80.0 MPH)
|
Bottom of the 6th over - 0 runs, 0 hits, 0 errors, 0 left on base; Cincinnati 2 - Milwaukee 4 |
TOP OF THE 7TH |
Cincinnati Reds batting - Pitching for Milwaukee Brewers : LHP Yusei Kikuchi
|
Batting: SHB Adalberto Mondesi
|
0-0: Called Strike 0-1: Ball 1-1: Ball 2-1: Ground out 4-3 (Groundball, 4, EV 85.0 MPH)
|
Batting: RHB Russell Martin
|
0-0: Foul Ball, location: 2F 0-1: Called Strike 0-2: Ball 1-2: Ball 2-2: Ground out 5-3 (Groundball, 5L, EV 84.4 MPH)
|
Pinch Hitting: LHB Robinson Cano
|
0-0: Ball 1-0: Ball 2-0: Ball 3-0: Called Strike 3-1: Called Strike 3-2: Foul Ball, location: 2F 3-2: Strikes out looking
|
Top of the 7th over - 0 runs, 0 hits, 0 errors, 0 left on base; Cincinnati 2 - Milwaukee 4 |
BOTTOM OF THE 7TH |
Milwaukee Brewers batting - Pitching for Cincinnati Reds : LHP Blake Snell
|
Pitching: RHP Jared Hughes
|
|
Batting: LHB Mason Williams
|
0-0: Fly out, F8 (Flyball, 8LS, EV 95.6 MPH)
|
Pinch Hitting: RHB Eugenio Suarez
|
0-0: Called Strike 0-1: Ball 1-1: Ball 2-1: Ball 3-1: Foul Ball, location: 2F 3-2: Foul Ball, location: 2F 3-2: Foul Ball, location: 2F 3-2: SINGLE (Line Drive, 56D, EV 103.1 MPH)
|
Batting: RHB Tommy Pham
|
0-0: Ball 1-0: Ball 2-0: Ball 3-0: Called Strike 3-1: Called Strike 3-2: DOUBLE (Flyball, 8RXD, EV 101.9 MPH) Eugenio Suarez to third
|
Batting: RHB Bo Bichette
|
0-0: Ball 1-0: Ball 2-0: SINGLE (Flyball, 8LS, EV 88.1 MPH) Eugenio Suarez scores Tommy Pham to third Runner from 3rd tries for Home, SAFE, throw by CF to home Bo Bichette to second
|
Batting: RHB Gary Sanchez
|
0-0: Called Strike 0-1: Ball 1-1: Foul Ball, location: 2F 1-2: Strikes out swinging
|
Batting: LHB Jeff McNeil
|
0-0: SINGLE (Groundball, 4MS, EV 71.3 MPH) (infield hit) Bo Bichette to third
|
Batting: LHB Eric Hosmer
|
0-0: Ball 1-0: Ball 2-0: Ball 3-0: Base on Balls Jeff McNeil to second
|
Batting: LHB Brad Miller
|
0-0: Ball 1-0: Ball 2-0: Ball 3-0: Base on Balls Bo Bichette scores Jeff McNeil to third Eric Hosmer to second
|
Pitching: RHP Dylan Cease
|
|
Batting: RHB Dawel Lugo
|
0-0: Called Strike 0-1: Ball 1-1: Foul Ball, location: 2F 1-2: Ball 2-2: Ball 3-2: Strikes out swinging
|
Bottom of the 7th over - 3 runs, 4 hits, 0 errors, 3 left on base; Cincinnati 2 - Milwaukee 7 |
TOP OF THE 8TH |
Cincinnati Reds batting - Pitching for Milwaukee Brewers : LHP Yusei Kikuchi
|
Pitching: LHP Jose Quijada
|
|
Batting: RHB Trea Turner
|
0-0: Foul Ball, location: 2F 0-1: Ball 1-1: Called Strike 1-2: Strikes out looking
|
Batting: RHB Kevin Newman
|
0-0: Ball 1-0: Ball 2-0: SOLO HOME RUN (Flyball, 9D, EV 105.0 MPH), Distance : 398 ft
|
Batting: RHB Gio Urshela
|
0-0: Ball 1-0: Foul Ball, location: 2F 1-1: Swinging Strike 1-2: Foul Ball, location: 2F 1-2: Strikes out swinging
|
Batting: LHB Joey Gallo
|
0-0: Called Strike 0-1: Called Strike 0-2: Foul Ball, location: 2F 0-2: Strikes out swinging
|
Top of the 8th over - 1 run, 1 hit, 0 errors, 0 left on base; Cincinnati 3 - Milwaukee 7 |
BOTTOM OF THE 8TH |
Milwaukee Brewers batting - Pitching for Cincinnati Reds : RHP Dylan Cease
|
Batting: LHB Mason Williams
|
0-0: Ball 1-0: Ball 2-0: Called Strike 2-1: Ball 3-1: Swinging Strike 3-2: Fly out, F9 (Flyball, 9LS, EV 89.4 MPH)
|
Pinch Hitting: LHB Ben Gamel
|
0-0: Ball 1-0: Ball 2-0: Called Strike 2-1: Ball 3-1: Ground out U3 (Groundball, 34, EV 103.8 MPH)
|
Batting: RHB Tommy Pham
|
0-0: Ball 1-0: Ball 2-0: Ball 3-0: Called Strike 3-1: Foul Ball, location: 2F 3-2: Strikes out looking
|
Bottom of the 8th over - 0 runs, 0 hits, 0 errors, 0 left on base; Cincinnati 3 - Milwaukee 7 |
TOP OF THE 9TH |
Cincinnati Reds batting - Pitching for Milwaukee Brewers : LHP Jose Quijada
|
Pitching: RHP Chad Green
|
|
Batting: RHB Nelson Cruz
|
0-0: Called Strike 0-1: SINGLE (Groundball, 6MD, EV 98.8 MPH)
|
Batting: LHB Gregory Polanco
|
0-0: Called Strike 0-1: Ball 1-1: Foul Ball, location: 2F 1-2: Ball 2-2: Foul Ball, location: 2F 2-2: Strikes out swinging
|
Batting: SHB Adalberto Mondesi
|
0-0: Fielders Choice at 2nd, 5-4 (Groundball, 5, EV 84.4 MPH)
|
Batting: RHB Russell Martin
|
0-0: Called Strike 0-1: Fielders Choice at 2nd, 6-4 (Groundball, 6, EV 94.4 MPH)
|
Top of the 9th over - 0 runs, 1 hit, 0 errors, 1 left on base; Cincinnati 3 - Milwaukee 7 |
|